 Dungeon Crawl Stone Soup version 0.23.2-1-ga50397a6bc (webtiles) character file.

Game seed: 11166576593832366362

48 DildoBatman the Magician (level 4, -2/30 HPs)
             Began as a Formicid Wizard on Apr 20, 2019.
             Slain by an adder (4 damage)
             ... on level 2 of the Dungeon.
             The game lasted 00:02:32 (1089 turns).

DildoBatman the Magician (Formicid Wizard)          Turns: 1089, Time: 00:02:33

Health: -2/30      AC:  2    Str: 12    XL:     4   Next: 0%
Magic:  4/8        EV: 12    Int: 18    God:
Gold:   69         SH:  0    Dex:  9    Spells: 2/9 levels left

rFire    . . .     SeeInvis +   g - +0 short sword
rCold    . . .     Gourm    .   (no shield)
rNeg     . . .     Faith    .   a - +0 robe
rPois    .         Spirit   .   (helmet unavailable)
rElec    .         Reflect  .   (no cloak)
rCorr    .         Harm     .   (no gloves)
MR       .....                  (no boots)
Stlth    ++........             (no amulet)
HPRegen  0.10/turn              (no ring)
MPRegen  0.11/turn              (no ring)

@: lethally poisoned (-2 -> -7)
A: permanent stasis, dig shafts and tunnels, four strong arms, antennae 3
a: Dig, Shaft Self


You were on level 2 of the Dungeon.
You were not hungry.

You visited 1 branch of the dungeon, and saw 2 of its levels.

You collected 69 gold pieces.

Inventory:

Hand Weapons
 g - a +0 short sword (weapon)
Missiles
 d - 49 stones (quivered)
 e - 39 sling bullets
 i - 11 bolts
Armour
 a - a +0 robe (worn)
Scrolls
 b - 2 scrolls of identify {unknown}
 f - a scroll of amnesia {unknown}
 j - a scroll of enchant weapon {unknown}
Potions
 h - a potion of heal wounds {unknown}
Comestibles
 c - 6 chunks of flesh
 v - 3 rations


   Skills:
 - Level 1.7 Dodging
 - Level 2.4 Stealth
 - Level 3.2 Spellcasting
 * Level 3.1 Conjurations
   Level 1.0 Summonings
   Level 0.8 Translocations


You had 2 spell levels left.
You knew the following spells:

 Your Spells              Type           Power        Failure   Level  Hunger
a - Conjure Flame         Conj/Fire      #.......     26%         3    ###....
c - Magic Dart            Conj           ##..         4%          1    None
e - Mephitic Cloud        Conj/Pois/Air  #.......     30%         3    ###....

Your spell library contained the following spells:

 Spells                   Type           Power        Failure   Level  Hunger
 Call Imp                 Summ           #.......     16%         2    ##.....
 Slow                     Hex            #.......     24%         2    ##.....
 Blink                    Tloc           Unusable     N/A         2    N/A

Dungeon Overview and Level Annotations

Branches:
Dungeon (2/15)

Altars:


Innate Abilities, Weirdness & Mutations

You cannot be hasted, slowed, berserked, paralysed or teleported.
You can dig through walls and to a lower floor.
Your four strong arms can wield two-handed weapons with a shield.
You have a pair of large antennae on your head. (SInv)


Message History

What are your orders? t - Shout!
Orders for allies: a - Attack new target. r - Retreat! s - Stop attacking. g - Guard the area. f - Follow me.
Anything else - Cancel.
You shout for attention!
The bat closely misses you. The adder bites you. The kobold barely misses you.
What are your orders? t - Shout!
Orders for allies: a - Attack new target. r - Retreat! s - Stop attacking. g - Guard the area. f - Follow me.
Anything else - Cancel.
You shout for attention!
You feel sick. The adder bites you.
You die...

........#.........
......#######.#.......##
......# #.........#.
.......## #....÷.##..#
?.......# #..#......##
........# #.....#.#..÷
........#####.÷.........
.......K..........######
.......@S......####
...............#
......b.########
........# { ........#
........# ........#
.......##


You could see an adder, a bat and a kobold.

Vanquished Creatures
  An adder (D:1)
  A dart slug (D:1)
  3 leopard geckos
  A bat (D:1)
  A giant cockroach (D:2)
  4 goblins (D:1)
  2 hobgoblins (D:1)
  9 kobolds
  2 quokkas (D:2)
  A ball python (D:1)
  5 frilled lizards
  3 rats (D:1)
33 creatures vanquished.

Notes
Turn   | Place    | Note
-------+----------+-------------------------------------------
     0 | D:1      | DildoBatman the Formicid Wizard began the quest for the
                  | Orb.
     0 | D:1      | Reached XP level 1. HP: 13/13 MP: 4/4
    17 | D:1      | Reached skill level 1 in Conjurations
   139 | D:1      | Reached XP level 2. HP: 19/19 MP: 3/6
   475 | D:1      | Reached XP level 3. HP: 24/24 MP: 4/7
   480 | D:1      | Learned a level 3 spell: Conjure Flame
   484 | D:1      | Learned a level 3 spell: Mephitic Cloud
  1060 | D:1      | Reached XP level 4. HP: 26/30 MP: 0/8
  1089 | D:2      | Slain by an adder

Skill      XL: |  1  2  3 |
---------------+----------+-----
Conjurations   | 1 2 3 |  3.1
Dodging        | |  1.7
Stealth        | |  2.4
Spellcasting   | |  3.2
Summonings     | |  1.0
Translocations | |  0.8

Action                   |  1- 3 |  4- 6 || total
-------------------------+-------+-------++-------
Melee: Unarmed           |     7 |       ||     7
       Short sword       |     7 |       ||     7
 Cast: Magic Dart        |    66 |       ||    66
Armor: Robe              |     5 |     6 ||    11
Dodge: Dodged            |    31 |    28 ||    59
